 Dungeon Crawl Stone Soup version 0.30.0 (webtiles) character file.

Game seed: 2928928975003912793

193 samcosmo the Grasshopper (level 5, -7/27 HPs)
             Began as a Spriggan Warper on July 5, 2023.
             Mangled by a wyvern zombie (10 damage)
             ... in an ossuary.
             The game lasted 00:09:32 (2840 turns).

samcosmo the Grasshopper (Spriggan Warper)          Turns: 2840, Time: 00:09:33

Health: -7/27      AC:  4    Str:  7    XL:     5   Next: 43%
Magic:  10/10      EV: 18    Int: 15    God:
Gold:   141        SH:  0    Dex: 16    Spells: 5/10 levels left

rFire   + . .        q - +8 short sword "Ynkeuf" {flame, rElec rF+ rC+ Will+}
rCold   + . .        (no shield)
rNeg    . . .        b - +0 robe
rPois   .            (helmet restricted)
rElec   +            u - +1 cloak
rCorr   .            (gloves unavailable)
SInv    +            (boots unavailable)
Will    ++...        (no amulet)
Stlth   +            m - ring of willpower
HPRegen 0.24/turn    (no ring)
MPRegen 0.12/turn

%: no passive effects
@: very quick
A: very small, no large weapons, unfitting armour, see invisible, speed 3
a: no special abilities


You were in an ossuary.
You visited 1 branch of the dungeon, and saw 4 of its levels.
You also visited: Ossuary.

You collected 141 gold pieces.

Inventory:

Hand Weapons
 a - a +0 short sword
 g - a +2 short sword of draining
 h - a +1 short sword of holy wrath
 l - a +1 dagger of speed
 q - the +8 short sword "Ynkeuf" (weapon) {flame, rElec rF+ rC+ Will+}
   (You found it on level 2 of the Dungeon)

   rF:        It protects you from fire.
   rC:        It protects you from cold.
   rElec:     It insulates you from electricity.
   Will:      It increases your willpower.
Missiles
 d - 7 boomerangs of dispersal (quivered)
 t - 3 boomerangs
Armour
 b - a +0 robe (worn)
 j - a scarf of repulsion
 u - a +1 cloak (worn)
Jewellery
 m - a ring of willpower (left hand)
Wands
 p - a wand of paralysis (8)
Scrolls
 c - a scroll of blinking
 e - a scroll of teleportation
 f - 2 scrolls of identify {unknown}
 k - a scroll of magic mapping
 n - 2 scrolls of enchant weapon
 w - a scroll of noise {unknown}
Potions
 i - a potion of heal wounds {unknown}
 o - a potion of brilliance {unknown}
 r - 2 potions of might {unknown}
 s - 2 potions of resistance {unknown}
 v - 2 potions of berserk rage {unknown}


   Skills:
 + Level 2.6 Fighting
 * Level 4.4 Short Blades
 - Level 1.0 Throwing
 - Level 3.2 Dodging
 - Level 3.0 Spellcasting
 + Level 6.1 Translocations


You had 5 spell levels left.
You knew the following spells:

 Your Spells              Type           Power      Damage    Failure   Level
a - Blink                 Tloc           40%        N/A       2%          2
b - Vhi's Electric Charg  Tloc/Air       22%        N/A       17%         3

Your spell library contained the following spells:

 Spells                   Type           Power      Damage    Failure   Level
 Lesser Beckoning         Tloc           40%        N/A       2%          2
 Teleport Other           Tloc           20%        N/A       4%          3
 Manifold Assault         Tloc           20%        N/A       16%         4
 Volatile Blastmotes      Fire/Tloc      22%        2d11      17%         3
 Iskenderun's Mystic Bla  Conj/Tloc      11%        2d4       50%         4
 Dazzling Flash           Conj/Hex       4%         N/A       52%         3
 Fulminant Prism          Conj/Hex       1%         3d5       89%         4
 Lee's Rapid Deconstruct  Erth           1%         3d4*      99%         5
 Starburst                Conj/Fire      1%         6d3       100%        6


Dungeon Overview and Level Annotations

Branches:
Dungeon (4/15)            Ossuary (1/1)
 Temple: D:4-7

Altars:

Shops:
D:1 (

Annotations:
D:4 exclusions: door and 2 more exclusions


Innate Abilities, Weirdness & Mutations

You are very small and have problems with some larger weapons.
You are too small for most types of armour.
You have supernaturally acute eyesight. (SInv)
You cover ground extremely quickly. (Speed+++)


Message History

The mummy is moderately damaged.
You closely miss the mummy.
The mummy is moderately damaged.
The mummy misses you.
You hit the mummy. You burn the mummy.
The mummy is severely damaged.
You hit the mummy. You burn the mummy.
The mummy is almost destroyed.
The mummy hits you!
* * * LOW HITPOINT WARNING * * *
Okay, then.
Blink to where?
Press: ? - help, Dir - move target
As you read the scroll of blinking, it crumbles to dust.
As you read the scroll labelled KUAPEASTESI, it crumbles to dust.
It is a scroll of enchant weapon.
Your +0 short sword of holy wrath glows red for a moment.
You puncture the mummy! You burn the mummy.
The mummy is heavily damaged.
The mummy barely misses you.
You hit the mummy. You burn the mummy.
The mummy is almost destroyed.
You hit the mummy. You burn the mummy.
You destroy the mummy!
A wyvern zombie comes into view.
You hit the mummy but do no damage.
The mummy is almost destroyed.
You hit the mummy. You burn the mummy.
You destroy the mummy!
You hit the wyvern zombie. You burn the wyvern zombie.
The wyvern zombie is lightly damaged.
The wyvern zombie bites you.
* * * LOW HITPOINT WARNING * * *
You puncture the wyvern zombie! You burn the wyvern zombie.
The wyvern zombie is moderately damaged.
The wyvern zombie barely misses you.
You puncture the wyvern zombie! You burn the wyvern zombie.
The wyvern zombie is severely damaged.
The wyvern zombie bites you!
You die...

#.M +.#
#.+ #.##
+.M
#####.#
#∩..#.+
#.∩.'M###
#...#.Z@#
#####.###
...M
#'#M##
#.#.# #
###


You could see a mummy and a wyvern zombie.

Vanquished Creatures
  Terence (D:3)
  4 mummies (Ossuary)
  5 adders
  2 worms
  4 endoplasms
  5 giant cockroaches
  4 hobgoblins
  3 quokkas
  5 ball pythons
  6 bats
  7 frilled lizards
  12 goblins
  6 kobolds
  5 rats
  A rat zombie (D:4)
70 creatures vanquished.

Vanquished Creatures (others)
  3 withered plants (Ossuary)
3 creatures vanquished.

Grand Total: 73 creatures vanquished

Notes
Turn   | Place    | Note
-------+----------+-------------------------------------------
     0 | D:1      | samcosmo the Spriggan Warper began the quest for the Orb.
     0 | D:1      | Reached XP level 1. HP: 10/10 MP: 5/5
   367 | D:1      | Reached XP level 2. HP: 15/15 MP: 6/6
   636 | D:1      | Found Jamimi's Antique Weapon Shop.
   992 | D:2      | Reached skill level 5 in Translocations
  1152 | D:2      | Found a faded altar of an unknown god.
  1158 | D:2      | Identified the +8 short sword "Ynkeuf" {flame, rElec rF+
                  | rC+ Will+}
  1285 | D:2      | Learned a level 2 spell: Blink
  1404 | D:2      | Reached XP level 3. HP: 18/18 MP: 8/8
  1825 | D:3      | Learned a level 3 spell: Vhi's Electric Charge
  1867 | D:3      | Noticed Terence
  1871 | D:3      | Killed Terence
  1872 | D:3      | Reached XP level 4. HP: 23/23 MP: 9/9
  2665 | D:4      | Noticed a black bear
  2713 | D:4      | Reached XP level 5. HP: 18/27 MP: 10/10
  2713 | D:4      | Found a sand-covered staircase.
  2805 | Ossuary  | Entered an ossuary
  2827 | Ossuary  | Reached skill level 6 in Translocations
  2840 | Ossuary  | Mangled by a wyvern zombie

Illustrated notes

Levels and vault maps discovered:
D:1:      dpeg_arrival_tiny_a, layout_loops_corners, serial_shops,
          nicolae_shop_window_shopping, minmay_indecisive_spiral
D:2:      layout_loops_cross, shapermc_ecumenical_altar_notcrosses
D:3:      kennysheep_the_goblin_king, layout_loops_cross, uniq_terence
D:4:      layout_basic, temple_pool_b, enter_ossuary_3, roderic_batcave,
          amcnicky_mini_corridor_feature, uniq_duvessa
Ossuary:  ossuary_zaba_flooded

Skill      XL: |  1  2  3  4  5 |
---------------+----------------+-----
Spellcasting   | 3 |  3.0
Translocations | 5 6 |  6.1
Fighting       | 2 |  2.6
Short Blades   | 3 4 |  4.4
Throwing       | |  1.0
Dodging        | |  3.2

Action                     |  1- 3 |  4- 6 || total
---------------------------+-------+-------++-------
  Melee: Short sword       |   101 |    86 ||   187
    Use: Scroll            |     5 |     2 ||     7
   Stab: Sleeping          |     3 |     2 ||     5
 Armour: Robe              |     4 |     9 ||    13
  Dodge: Dodged            |    58 |    39 ||    97
